 Dungeon Crawl Stone Soup version 0.26.0-45-g9c1d065592 (webtiles) character file.

Game seed: 3529750212838970047

610 Sweeb the Conjurer (level 7, -5/36 HPs)
             Began as a Deep Elf Conjurer on Jan 28, 2021.
             Was an Initiate of Vehumet.
             Slain by an orc warrior
             ... wielding a +0 scimitar
              (18 damage)
             ... on level 5 of the Dungeon.
             The game lasted 00:09:30 (5013 turns).

Sweeb the Conjurer (Deep Elf Conjurer)              Turns: 5013, Time: 00:09:31

Health: -5/36      AC:  3    Str:  5    XL:     7   Next: 20%
Magic:  12/17      EV: 14    Int: 24    God:    Vehumet [......]
Gold:   276        SH:  0    Dex: 13    Spells: 11/17 levels left

rFire    . . .     SeeInvis .   s - +1 dagger (elec)
rCold    . . .     Faith    .   (no shield)
rNeg     . . .     Spirit   .   a - +1 robe
rPois    .         Reflect  .   (no helmet)
rElec    .         Harm     .   (no cloak)
rCorr    .         Rampage  .   (no gloves)
Will     .....                  (no boots)
Stlth    +++.......             r - amulet of the acrobat
HPRegen  0.12/turn              (no ring)
MPRegen  0.15/turn              (no ring)

@: no status effects
A: no striking features
a: Renounce Religion


You were on level 5 of the Dungeon.
You worshipped Vehumet.
Vehumet was noncommittal.
You visited 2 branches of the dungeon, and saw 6 of its levels.

You collected 276 gold pieces.

Inventory:

Hand Weapons
 s - a +1 dagger of electrocution (weapon)
Armour
 a - a +1 robe (worn)
 u - a scarf of invisibility
Jewellery
 r - an amulet of the acrobat (around neck)
Scrolls
 b - 5 scrolls of teleportation
 c - 3 scrolls of identify
 e - a scroll of fear {unknown}
 f - 3 scrolls of remove curse
 h - 2 scrolls of noise
 i - 3 scrolls of enchant armour
 m - a scroll of enchant weapon {unknown}
 q - a scroll of immolation {unknown}
Potions
 d - a potion of curing
 g - a potion of invisibility
 j - a potion of berserk rage {unknown}
 k - a potion of might {unknown}
 l - 2 potions of brilliance
 n - a potion of heal wounds {unknown}
 o - 2 potions of cancellation
 p - a potion of flight {unknown}
 t - a potion of resistance {unknown}


   Skills:
 + Level 5.2 Dodging
 + Level 5.5 Stealth
 + Level 5.8 Spellcasting
 + Level 6.1 Conjurations


You had 11 spell levels left.
You knew the following spells:

 Your Spells              Type           Power        Failure   Level
a - Magic Dart            Conj           100%         1%          1
b - Searing Ray           Conj           72%          1%          2
c - Dazzling Flash        Conj/Hex       42%          7%          3

Your spell library contained the following spells:

 Spells                   Type           Power        Failure   Level
 Fulminant Prism          Conj/Hex       10%          22%         4
 Iskenderun's Mystic Bla  Conj/Tloc      21%          22%         4


Dungeon Overview and Level Annotations

Branches:
Dungeon (5/15)             Temple (1/1) D:4

Altars:
Ashenzari
Cheibriados
Fedhas
Gozag
Hepliaklqana
Kikubaaqudgha
Nemelex Xobeh
Okawaru
Qazlal
Sif Muna
Trog
Uskayaw
Vehumet
Wu Jian
Xom
Yredelemnul
Zin
The Shining One


Message History

The orc warrior hits you with a +0 scimitar!!
Ouch! That really hurt!
Unknown command.
Casting: Dazzling Flash (dangerous; 7% risk of failure)
Confirm with . or Enter, or press ? or * to list all spells.
Aiming: Searing Ray (safe; 1% risk of failure)
Press: ? - help, Shift-Dir - straight line, f - orc warrior
Aim: an orc warrior, wielding a +0 scimitar and wearing a +0 plate armour (wandering, blind, hasn't noticed you, 19% to evade)
The searing ray hits the orc warrior!
The orc warrior is moderately wounded.
The searing ray hits the orc priest!
The orc priest is severely wounded.
The searing ray hits the orc wizard!
The orc wizard is severely wounded. (Press . to maintain the ray.)
The orc wizard casts a spell.
The orc wizard blinks!
The orc warrior hits you with a +0 scimitar!!
Ouch! That really hurt!
You die...

.... .###.###
#####........###
......# #...[#
#...#.#.(..$#ยง#
#.....#.#..o#.#
#...#####..o#o#
#...#...#...#o#
#...#...#####@#
###.....#.....#
#..........##
#+## #....).....#
...###...##.....#
.....[.)).......#
....##....#.>...#
....##....#.....#
.......####.....#


You could see an orc warrior (blind) and an orc priest.

Vanquished Creatures
  Menkaure (D:5)
  An ogre (D:4)
  A hound (D:4)
  An orc wizard (D:5)
  3 orc priests
  A centaur skeleton (D:2)
  2 worker ants (D:4)
  A killer bee zombie (D:5)
  Robin (D:3)
  5 adders
  A shadow imp (D:5)
  6 worms
  A dart slug (D:2)
  A leopard gecko (D:2)
  12 orcs
  2 ball pythons
  6 bats
  3 giant cockroaches
  13 goblins
  11 hobgoblins
  7 kobolds
  2 quokkas
  7 frilled lizards
  A quokka skeleton (D:5)
  14 rats
104 creatures vanquished.

Notes
Turn   | Place    | Note
-------+----------+-------------------------------------------
     0 | D:1      | Sweeb the Deep Elf Conjurer began the quest for the Orb.
     0 | D:1      | Reached XP level 1. HP: 10/10 MP: 6/6
   371 | D:1      | Reached XP level 2. HP: 15/15 MP: 4/8
  1092 | D:2      | Reached XP level 3. HP: 14/19 MP: 1/10
  1604 | D:2      | Found a faded altar of an unknown god.
  1650 | D:2      | Reached XP level 4. HP: 24/24 MP: 7/11
  2023 | D:2      | Reached skill level 5 in Conjurations
  2476 | D:2      | Learned a level 2 spell: Searing Ray
  2774 | D:3      | Noticed Robin
  2787 | D:3      | Killed Robin
  2788 | D:3      | Reached XP level 5. HP: 15/28 MP: 3/13
  3526 | D:4      | Learned a level 3 spell: Dazzling Flash
  3560 | D:4      | Found a staircase to the Ecumenical Temple.
  3563 | D:4      | Noticed an ogre
  3574 | D:4      | Killed an ogre
  3575 | D:4      | Reached XP level 6. HP: 7/32 MP: 8/15
  3576 | D:4      | Reached skill level 5 in Spellcasting
  3731 | Temple   | Entered the Ecumenical Temple
  3933 | Temple   | Became a worshipper of Vehumet
  4372 | D:4      | Reached skill level 5 in Stealth
  4654 | D:5      | Entered Level 5 of the Dungeon
  4725 | D:5      | Noticed Menkaure
  4734 | D:5      | Killed Menkaure
  4735 | D:5      | Reached skill level 5 in Dodging
  4735 | D:5      | Reached skill level 6 in Conjurations
  4735 | D:5      | Reached XP level 7. HP: 17/36 MP: 4/17
  5013 | D:5      | Slain by an orc warrior

Illustrated notes

Levels and vault maps discovered:
D:1:      dpeg_arrival_ratfight, layout_basic
D:2:      layout_loops_ring, chequers_ecumenical_altar_simple
D:3:      layout_loops_ring, uniq_robin
D:4:      layout_basic, minmay_temple_entry_statues_fountains
D:5:      layout_basic, uniq_menkaure
Temple:   regret_index_temple_mists

Skill      XL: |  1  2  3  4  5  6 |
---------------+-------------------+-----
Dodging        | 3 4 5 |  5.2
Stealth        | 3 4 5 |  5.5
Spellcasting   | 4 5 |  5.8
Conjurations   | 5 6 |  6.1

Action                   |  1- 3 |  4- 6 |  7- 9 || total
-------------------------+-------+-------+-------++-------
Melee: Unarmed           |     3 |       |       ||     3
       Dagger            |       |       |     1 ||     1
 Cast: Magic Dart        |    58 |   126 |     4 ||   188
       Searing Ray       |       |     8 |     1 ||     9
       Dazzling Flash    |       |       |     1 ||     1
  Use: Potion            |       |     2 |       ||     2
       Scroll            |       |       |     7 ||     7
Armor: Robe              |       |     2 |       ||     2
Dodge: Dodged            |     4 |    21 |     1 ||    26
